 Dungeon Crawl Stone Soup version 0.32-a0-560-g4c7f4391e0 (webtiles) character file.

Game seed: 12828257634491545893

35 javelincjr the Grasshopper (level 3, 0/27 HPs)
             Began as a Demonspawn Warper on Feb 29, 2024.
             Slain by Terence
             ... wielding a +0 morningstar
              (1 damage)
             ... on level 2 of the Dungeon.
             The game lasted 00:04:03 (1079 turns).

javelincjr the Grasshopper (Demonspawn Warper)      Turns: 1079, Time: 00:04:03

Health: 0/27       AC:  6    Str: 13    XL:     3   Next: 17%
Magic:  6/6        EV: 12    Int: 13    God:
Gold:   33         SH:  0    Dex: 14    Spells: 6/6 levels left

rFire   . . .        m - +3 dagger
rCold   . . .        (no shield)
rNeg    . . .        b - +0 leather armour
rPois   .            i - +0 helmet
rElec   .            p - +1 cloak
rCorr   .            (no gloves)
SInv    .            (no boots)
Will    .....        (no amulet)
Stlth   ++           (no ring)
HPRegen 0.24/turn    (no ring)
MPRegen 0.10/turn

%: no passive effects
@: no status effects
A: thin skeletal structure 1, powered by pain 1
a: no special abilities


You were on level 2 of the Dungeon.
You visited 1 branch of the dungeon, and saw 2 of its levels.

You collected 33 gold pieces.

Inventory:

Hand Weapons
 a - a +0 spear
 m - a +3 dagger (weapon)
Missiles
 d - 7 darts of dispersal (quivered)
Armour
 b - a +0 leather armour (worn)
 i - a +0 helmet (worn)
 p - a +1 cloak (worn)
Jewellery
 f - an amulet of faith
Scrolls
 c - a scroll of blinking
 e - a scroll of fear {unknown}
 h - a scroll of noise {unknown}
 k - 3 scrolls of identify {unknown}
 l - a scroll of amnesia {unknown}
 n - a scroll of immolation {unknown}
Potions
 g - 3 potions of heal wounds {unknown}
 j - a potion of curing {unknown}
 o - a potion of brilliance {unknown}


   Skills:
 + Level 2.3 Fighting
 + Level 2.1 Polearms
 + Level 1.2 Throwing
 + Level 1.2 Armour
 + Level 2.1 Dodging
 + Level 2.1 Spellcasting
 + Level 2.8 Translocations


You had 6 spell levels left.
You didn't know any spells.
Your spell library contained the following spells:

 Spells                   Type           Power      Damage    Failure   Level
 Blink                    Tloc           16%        N/A       14%         2
 Lesser Beckoning         Tloc           16%        N/A       14%         2
 Teleport Other           Tloc           8%         N/A       28%         3
 Manifold Assault         Tloc           8%         N/A       67%         4
 Vhi's Electric Charge    Tloc/Air       10%        N/A       87%         4


Dungeon Overview and Level Annotations

Branches:
Dungeon (2/15)

Altars:

Annotations:
D:2 Terence


Innate Abilities, Weirdness & Mutations

You have a somewhat thin skeletal structure. (Dex +2, Stealth+)
You sometimes gain a little power by taking damage.


Message History

Terence is moderately wounded.
Terence misses you.
You hit Terence.
Terence is moderately wounded.
Terence misses you.
You barely miss Terence.
Terence is moderately wounded.
Terence barely misses you.
You hit Terence but do no damage.
Terence is moderately wounded.
Terence hits you but does no damage.
You closely miss Terence.
Terence is moderately wounded.
The ball python barely misses you. The ball python grabs you.
The ball python constricts you. Terence barely misses you.
You puncture the ball python!
You kill the ball python!
Terence hits you with a +0 morningstar.
You hit Terence.
Terence is heavily wounded.
Terence barely misses you.
You hit Terence.
Terence is severely wounded.
Terence closely misses you.
You hit Terence.
Terence is severely wounded.
Terence hits you with a +0 morningstar.
* * * LOW HITPOINT WARNING * * *
You are too injured to fight recklessly!
You are too injured to fight recklessly!
You are too injured to fight recklessly!
You hit Terence.
Terence is almost dead.
Terence hits you with a +0 morningstar!
* * * LOW HITPOINT WARNING * * *
You hit Terence but do no damage.
Terence is almost dead.
Terence hits you with a +0 morningstar.
You die...
Terence says, "Rest in peace."

.# .# .# .# .# .# .#
####################.###
................@†......
#################@...###
....# ###.# #


You could see Terence.

Vanquished Creatures
  A dart slug (D:1)
  6 ball pythons
  An endoplasm (D:1)
  A giant cockroach (D:1)
  3 goblins
  3 hobgoblins (D:1)
  4 kobolds
  3 quokkas (D:1)
  5 bats
  2 frilled lizards (D:1)
  A rat (D:2)
30 creatures vanquished.

Notes
Turn   | Place    | Note
-------+----------+-------------------------------------------
     0 | D:1      | javelincjr the Demonspawn Warper began the quest for the
                  | Orb.
     0 | D:1      | Reached XP level 1. HP: 16/16 MP: 3/3
    55 | D:1      | Reached skill level 1 in Armour
   128 | D:1      | Reached skill level 1 in Throwing
   141 | D:1      | Gained mutation: You sometimes gain a little power by
                  | taking damage. [demonic ancestry]
   141 | D:1      | Reached XP level 2. HP: 22/22 MP: 5/5
   653 | D:1      | Gained mutation: You have a somewhat thin skeletal
                  | structure. (Dex +2, Stealth+) [demonic ancestry]
   653 | D:1      | Reached XP level 3. HP: 27/27 MP: 6/6
  1061 | D:2      | Noticed Terence
  1078 | D:2      | HP: 1/27 [Terence/+0 morningstar (8)]
  1079 | D:2      | Slain by Terence

Illustrated notes

Levels and vault maps discovered:
D:1:      dpeg_arrival_refuge, layout_basic
D:2:      layout_basic, kennysheep_generic_room_13, uniq_terence

Skill      XL: |  1  2 |
---------------+-------+-----
Armour         | 1 |  1.2
Throwing       | 1 |  1.2
Polearms       | 2 |  2.1
Dodging        | 2 |  2.1
Fighting       | |  2.3
Spellcasting   | |  2.1
Translocations | |  2.8

Action                     || total
---------------------------++-------
  Melee: Spear             ||    65
         Dagger            ||    55
   Stab: Sleeping          ||     2
 Armour: Leather armour    ||    56
  Dodge: Dodged            ||    63

Table legend: (Time is in decaauts)
 A = Elapsed time spent in this place.
 B = Non-inter-level travel time spent in this place.
 C = Inter-level travel time spent in this place.
 D = Time resting spent in this place.
 E = Time spent auto-exploring this place.
 F = Levels seen in this place.
 G = Mean time per level.
                   A        B        C        D        E       F      G
               +--------+--------+--------+--------+--------+-----+--------+
         Total |   1078 |   1055 |     23 |      0 |    813 |   2 |  539.0 |
       Dungeon |   1078 |   1055 |     23 |      0 |    813 |   2 |  539.0 |
               +--------+--------+--------+--------+--------+-----+--------+

Top non-repeatable levels by time:
     D:1: 822 daAuts
     D:2: 255 daAuts
